 Dungeon Crawl Stone Soup version 0.19.4-10-g532645f (webtiles) character file.

3890 galech the Basher (level 10, -5/61 HPs)
             Began as a Gargoyle Fighter on Feb 23, 2017.
             Was an Elder of Okawaru.
             Slain by an orc warrior
             ... wielding a +0 long sword
              (17 damage)
             ... on level 8 of the Dungeon.
             The game lasted 00:18:46 (8669 turns).

galech the Basher (Gargoyle Fighter)                Turns: 8669, Time: 00:18:47

Health: -5/61      AC: 17    Str: 21    XL:     10   Next: 19%
Magic:  10/10      EV:  7    Int: 11    God:    Okawaru [****..]
Gold:   702        SH: 11    Dex: 11    Spells: 0 memorised, 9 levels left

rFire  . . .     SeeInvis +     D - +0 morningstar
rCold  + + .     Gourm    .     N - +1 chain mail {rC+}
rNeg   + . .     Faith    +     c - +0 shield
rPois  ∞         Spirit   .     (helmet restricted)
rElec  +         Reflect  .     w - +0 cloak
rCorr  .         Harm     .     (no gloves)
MR     .....                    x - +0 pair of boots (curse)
Stlth  ..........               I - amulet of faith
                                (no ring)
                                E - ring of see invisible

@: no status effects
A: horns 1, clever 1, cold resistance 1, deformed body, negative energy
resistance 1, electricity resistance, unbreathing, petrification resistance, rot
immunity, AC +7
a: Heroism, Renounce Religion


You were on level 8 of the Dungeon.
You worshipped Okawaru.
Okawaru was greatly pleased with you.
You were not hungry.

You visited 1 branch of the dungeon, and saw 8 of its levels.
You also visited: Sewer and Ossuary.

You collected 702 gold pieces.

Inventory:

Hand Weapons
 a - a +0 flail
 D - a +0 morningstar (weapon)
Armour
 b - a +0 scale mail
 c - a +0 shield (worn)
 q - a +0 plate armour
 w - a +0 cloak (worn)
 x - a cursed +0 pair of boots (worn)
 H - the +0 chain mail of Otuash {rN+ rCorr Int+5}
   (You found it on level 6 of the Dungeon)

   It affects your intelligence (+5).
   It protects you from negative energy.
   It protects you from acid and corrosion.
 N - a +1 chain mail of cold resistance (worn)
Jewellery
 E - a ring of see invisible (left hand)
 I - an amulet of faith (around neck)
Wands
 y - a wand of flame (19/48)
 z - a wand of acid (8/15)
 K - a wand of iceblast (12/15)
Scrolls
 g - a scroll of amnesia
 i - 8 scrolls of teleportation
 m - 2 scrolls of enchant weapon
 o - 5 scrolls of random uselessness
 p - a scroll of immolation
 t - 7 scrolls of remove curse
 u - 2 scrolls of enchant armour
 v - a scroll of fog
 C - 2 scrolls of noise
 J - a scroll of vulnerability
Potions
 d - 2 potions of might
 e - 3 potions of heal wounds {unknown}
 j - 3 potions of curing {unknown}
 k - 3 potions of mutation {unknown}
 l - a potion of haste {unknown}
 n - a potion of ambrosia
 s - 7 potions of flight
 A - 2 potions of resistance
 B - a potion of magic
 L - a potion of lignification {unknown}
Books
 F - a book of Geomancy

   Spells                             Type                      Level
   a - Sandblast                      Earth                        1
   b - Passwall                       Transmutation/Earth          2
   c - Stone Arrow                    Conjuration/Earth            3
   d - Petrify                        Transmutation/Earth          4
   e - Lee's Rapid Deconstruction     Earth                        5
Comestibles
 f - 2 bread rations
 h - 4 meat rations
 r - a royal jelly
 G - 4 fruits
 M - a slice of pizza


   Skills:
 + Level 6.5 Fighting
 + Level 9.3 Maces & Flails
 + Level 7.4 Armour
 + Level 1.7 Dodging
 + Level 0.8 Stealth
 + Level 8.7 Shields
 + Level 0.4 Invocations


You had 9 spell levels left.
You didn't know any spells.

Dungeon Overview and Level Annotations

Branches:
Dungeon (8/15)             Temple (0/1) D:7
   Lair: D:8-11

Altars:
Dithmenos
Elyvilon
Fedhas
Gozag
Kikubaaqudgha
Okawaru
Qazlal
Vehumet
Xom
Yredelemnul


Innate Abilities, Weirdness & Mutations

You are resistant to torment.
Your stone body is resilient. (AC +7)
You are immune to poison.
You resist negative energy. (rN+)
You are resistant to electric shocks. (rElec)
You can survive without breathing.
You are immune to petrification.
You are immune to rotting.
You have a pair of small horns on your head.
Your mind is acute. (Int +2)
Your flesh is cold resistant. (rC+)
Armour fits poorly on your strangely shaped body.


Message History

You are too injured to fight recklessly!
You are too injured to fight recklessly!
You are too injured to fight recklessly!
You are too injured to fight recklessly!
You are too injured to fight recklessly!
You are too injured to fight recklessly!
You are too injured to fight recklessly!
You are too injured to fight recklessly!
You are too injured to fight recklessly!
You are too injured to fight recklessly!
You hit the orc warrior but do no damage.
The orc warrior is heavily wounded.
The orc warrior hits you but does no damage.
You barely miss the orc warrior.
The orc warrior is heavily wounded.
You hit the orc warrior but do no damage.
You headbutt the orc warrior, but do no damage.
The orc warrior is heavily wounded.
The orc warrior hits you with a long sword!
You die...

####################
.................#.#
...#............oo.#
##.#.###########@#.#
#.#.# #.#.# #.#.#
#.#.# #.#.# #.#o#
#.#.# #.#o# ##.#.#
..#$# ...# ###.#
.### ... ...# # ###


You could see an orc warrior and an orc priest.

Vanquished Creatures
  Pikel (D:5)
  Menkaure (D:7)
  A hungry ghost (D:7)
  A water moccasin (D:7)
  3 orc warriors
  Duvessa (D:7)
  A sky beast (D:5)
  3 slaves (D:4)
  A phantom (D:5)
  4 ice beasts
  An ogre (D:7)
  A necrophage (D:8)
  4 centaurs
  A big kobold (D:7)
  A bullfrog (D:6)
  Dowan (D:7)
  A wyvern skeleton (D:8)
  2 scorpions
  3 howler monkeys
  A crimson imp (D:7)
  A quasit (D:8)
  10 orc wizards
  A hound (D:6)
  A centaur zombie (Ossuary)
  A gnoll shaman (D:6)
  An orc priest (D:7)
  Terence (D:2)
  2 iguanas
  A siren (Sewer)
  4 worker ants
  A merfolk avatar (Sewer)
  3 big kobold zombies (Ossuary)
  A hound skeleton (D:4)
  2 mummies (Ossuary)
  A worker ant zombie (D:8)
  3 gnolls (D:6)
  A howler monkey skeleton (D:6)
  5 river rats (Sewer)
  19 adders
  A shadow imp (D:5)
  An adder skeleton (D:8)
  3 worms
  4 dart slugs
  7 leopard geckos
  18 orcs
  5 ball pythons
  7 giant cockroaches
  4 gnoll zombies (Ossuary)
  11 goblins
  6 hobgoblins
  17 jackals
  7 kobolds
  4 quokkas
  3 bats
  13 frilled lizards
  2 goblin zombies (Ossuary)
  2 hobgoblin zombies (Ossuary)
  A jackal skeleton (D:5)
  A leopard gecko skeleton (D:6)
  A leopard gecko zombie (D:6)
  2 orc zombies (Ossuary)
  24 rats
236 creatures vanquished.

Vanquished Creatures (others)
  A quokka (D:8)
1 creature vanquished.

Grand Total: 237 creatures vanquished

Notes
Turn   | Place    | Note
-------+----------+-------------------------------------------
     0 | D:1      | galech the Gargoyle Fighter began the quest for the Orb.
     0 | D:1      | Reached XP level 1. HP: 14/14 MP: 1/1
   119 | D:1      | Reached XP level 2. HP: 19/19 MP: 2/2
   431 | D:2      | Reached XP level 3. HP: 16/23 MP: 3/3
   500 | D:2      | Found an iron altar of Okawaru.
   500 | D:2      | Found a stormy altar of Qazlal.
   562 | D:2      | Became a worshipper of Warmaster Okawaru
   732 | D:2      | Noticed Terence
   746 | D:2      | Killed Terence
   746 | D:2      | Reached XP level 4. HP: 9/29 MP: 4/4
  1511 | D:3      | Reached skill level 3 in Maces & Flails
  1611 | D:3      | Found a shimmering altar of Xom.
  1796 | D:3      | Reached XP level 5. HP: 33/33 MP: 5/5
  2588 | D:4      | Found a radiant altar of Vehumet.
  2597 | D:4      | Reached XP level 6. HP: 22/38 MP: 6/6
  2687 | D:4      | Found a sand-covered staircase.
  2707 | Ossuary  | Entered an ossuary
  2893 | Ossuary  | Reached skill level 4 in Maces & Flails
  2944 | Ossuary  | Reached skill level 5 in Shields
  3328 | D:4      | Reached * piety under Okawaru
  3343 | D:4      | Reached XP level 7. HP: 33/44 MP: 7/7
  3773 | D:4      | Reached skill level 5 in Maces & Flails
  3864 | D:5      | Entered Level 5 of the Dungeon
  3864 | D:5      | Found an opulent altar of Gozag.
  3976 | D:5      | Found an ancient bone altar of Kikubaaqudgha.
  4017 | D:5      | Gained mutation: Your flesh is cold resistant. (rC+) [mutagenic meat]
  4018 | D:5      | Gained mutation: Your mind is acute. (Int +2) [mutagenic meat]
  4019 | D:5      | Gained mutation: You have a pair of small horns on your head. [mutagenic meat]
  4020 | D:5      | Gained mutation: Armour fits poorly on your strangely shaped body. [mutagenic meat]
  4211 | D:5      | Noticed Pikel
  4506 | D:4      | Reached XP level 8. HP: 24/48 MP: 8/8
  4674 | D:5      | Killed Pikel
  4674 | D:5      | Reached ** piety under Okawaru
  4674 | D:5      | Reached skill level 5 in Fighting
  4674 | D:5      | Reached skill level 6 in Maces & Flails
  4674 | D:5      | Reached skill level 5 in Armour
  4674 | D:5      | Reached skill level 1 in Dodging
  5249 | D:6      | Got a crude chain mail
  5266 | D:6      | Identified the +0 chain mail of Otuash {rN+ rCorr Int+5} (You found it on level 6 of the Dungeon)
  5395 | D:6      | Reached skill level 7 in Maces & Flails
  5395 | D:6      | Reached XP level 9. HP: 46/54 MP: 6/9
  5467 | D:6      | Found a glowing drain.
  5480 | Sewer    | Entered a sewer
  6507 | D:7      | Reached *** piety under Okawaru
  6518 | D:7      | Found a basalt altar of Yredelemnul.
  6535 | D:7      | Reached skill level 8 in Maces & Flails
  6600 | D:7      | Noticed Dowan
  6606 | D:7      | Killed Dowan
  6618 | D:7      | Noticed Duvessa
  6627 | D:7      | Killed Duvessa
  7290 | D:7      | Found a staircase to the Ecumenical Temple.
  7301 | D:7      | Noticed Menkaure
  7303 | D:7      | Killed Menkaure
  7556 | D:7      | Reached skill level 9 in Maces & Flails
  7556 | D:7      | Reached XP level 10. HP: 52/61 MP: 10/10
  7731 | D:7      | Reached **** piety under Okawaru
  8031 | D:8      | Found a shadowy altar of Dithmenos.
  8506 | D:8      | Found a white marble altar of Elyvilon.
  8533 | D:8      | Found a blossoming altar of Fedhas.
  8669 | D:8      | Slain by an orc warrior

Skill      XL: |  1  2  3  4  5  6  7  8  9 10 |
---------------+-------------------------------+-----
Armour         | 4 6 7 |  7.4
Maces & Flails | 3 4 5 7 9 |  9.3
Shields        | 4 5 6 7 8 |  8.7
Fighting       | 4 5 6 |  6.5
Dodging        | 1 |  1.7
Stealth        | |  0.8
Invocations    | |  0.4

Action                   |  1- 3 |  4- 6 |  7- 9 | 10-12 || total
-------------------------+-------+-------+-------+-------++-------
Melee: Flail             |   108 |   427 |    47 |       ||   582
       Morningstar       |       |       |   526 |   117 ||   643
       Headbutt          |       |       |    81 |    23 ||   104
Invok: Heroism           |       |       |     5 |     1 ||     6
  Use: Scroll            |       |       |    12 |     1 ||    13
  Eat: Chunk             |       |     9 |    15 |    11 ||    35
       Bread ration      |       |       |     1 |       ||     1
Armor: Scale mail        |    27 |       |       |       ||    27
       Plate armour      |    34 |   310 |   154 |       ||   498
       Chain mail        |       |       |   217 |    63 ||   280
Dodge: Dodged            |    23 |    92 |   138 |    25 ||   278
Block: Shield            |    53 |   258 |   360 |    63 ||   734
